 Dungeon Crawl Stone Soup version 0.31.0-11-ge490571c62 (webtiles) character file.

Game seed: 13058313672373859245

154 qw the Skirmisher (level 5, -1/29 HPs)
             Began as a Deep Elf Hunter on Feb 4, 2024.
             Succumbed to a kobold brigand's poison
             ... in a sewer.
             The game lasted 00:00:08 (2258 turns).

qw the Skirmisher (Deep Elf Hunter)                 Turns: 2258, Time: 00:00:09

Health: -1/29      AC:  6    Str: 10    XL:     5   Next: 13%
Magic:  7/7        EV:  9    Int: 14    God:
Gold:   82         SH:  0    Dex: 18    Spells: 4/4 levels left

rFire   . . .        a - +0 shortbow
rCold   . . .        (shield currently unavailable)
rNeg    . . .        e - +0 scale mail
rPois   .            (no helmet)
rElec   .            (no cloak)
rCorr   .            (no gloves)
SInv    .            (no boots)
Will    .....        d - amulet of guardian spirit
Stlth   +            (no ring)
HPRegen 0.24/turn    (no ring)
MPRegen 0.10/turn

%: guardian spirit
@: lethally poisoned (-1 -> -10), about to teleport
A: no striking features
a: no special abilities


You were in a sewer.
You visited 1 branch of the dungeon, and saw 3 of its levels.
You also visited: Sewer.

You collected 82 gold pieces.


   Skills:
 - Level 1.5 Fighting
 + Level 8.5 Ranged Weapons
 - Level 2.4 Dodging
 - Level 1.2 Stealth


You had 4 spell levels left.
You didn't know any spells.
Your spell library was empty.

Inventory:

Hand Weapons
 a - a +0 shortbow (weapon)
Armour
 e - a +0 scale mail (worn)
Jewellery
 b - a ring of fire
 d - an amulet of guardian spirit (around neck)
Potions
 g - a potion of curing
 j - a potion of enlightenment {unknown}
 l - a potion of might {unknown}

Dungeon Overview and Level Annotations

Branches:
Dungeon (3/15)              Sewer (1/1)

Altars:


Message History

Your extra speed is starting to run out.
A kobold brigand is nearby!
You shoot an arrow. The arrow hits the kobold brigand.
The kobold brigand is lightly wounded.
You shoot an arrow. The arrow misses the kobold brigand.
You shoot an arrow. The arrow misses the kobold brigand.
You shoot an arrow. The arrow hits the kobold brigand.
The kobold brigand is moderately wounded.
The kobold brigand throws a poisoned dart.
The poisoned dart hits you!
You are poisoned.
You shoot an arrow.
The arrow barely misses the kobold brigand.
You feel yourself slow down.
You feel sick.
You shoot an arrow.
The arrow hits the kobold brigand but does no damage.
The kobold brigand is moderately wounded.
You feel sick.
The kobold brigand throws a poisoned dart.
The poisoned dart hits you.
You are more poisoned.
You shoot an arrow.
The arrow closely misses the kobold brigand.
You feel very sick.
The kobold brigand throws a poisoned dart.
The poisoned dart hits you!
You are lethally poisoned!
You shoot an arrow.
The arrow hits the kobold brigand but does no damage.
The kobold brigand is moderately wounded.
You feel very sick.
2257 ||| READING scroll of teleportation.
As you read the scroll of teleportation, it crumbles to dust.
You feel strangely unstable.
You feel sick.
You shoot an arrow.
The arrow hits the kobold brigand but does no damage.
The kobold brigand is moderately wounded.
You die...

#~.~~~~~###########
#~~~~~)~)~~~~~~~~~~
#..~~)~.###########
##.~~~.## #.~~~.#
###.~~~.# #\..~~~.#
###K~~~.# #@~~~.#
##~~~## #~~~# #~~~#
#~~~# #~~~# ##~~#
#~## ##


You could see a kobold brigand.

Vanquished Creatures
  A bombardier beetle (D:3)
  A hound (D:3)
  A gnoll (D:1)
  An adder (D:3)
  A river rat (Sewer)
  2 dart slugs
  2 orcs (D:3)
  5 endoplasms
  8 giant cockroaches
  5 goblins
  3 hobgoblins
  4 jackals (D:1)
  A quokka (D:1)
  A ball python (D:3)
  4 bats
  2 frilled lizards (D:1)
  10 kobolds
  6 rats
58 creatures vanquished.

Notes
Turn   | Place    | Note
-------+----------+-------------------------------------------
     0 | D:1      | qw the Deep Elf Hunter began the quest for the Orb.
     0 | D:1      | Reached XP level 1. HP: 12/12 MP: 3/3
     0 | D:1      | 0 ||| qw: Version: 0.3-a-160-g6735b56
     0 | D:1      | 0 ||| qw: Game counter: 5123
     0 | D:1      | 0 ||| qw: Melee chars always use a shield: true
     0 | D:1      | 0 ||| qw: God list: Okawaru
     0 | D:1      | 0 ||| qw: Allow faded altars: false
     0 | D:1      | 0 ||| qw: Do Orc after clearing Dungeon:15 true
     0 | D:1      | 0 ||| qw: Do second Lair branch before Depths: true
     0 | D:1      | 0 ||| qw: Lair rune preference: random
     0 | D:1      | 0 ||| qw: Goals: Normal
     0 | D:1      | 0 ||| PLANNING D:1-11
    11 | D:1      | Found a faded altar of an unknown god.
    68 | D:1      | Reached skill level 6 in Ranged Weapons
    68 | D:1      | Reached XP level 2. HP: 14/16 MP: 4/4
   294 | D:1      | You fall into a shaft and drop 1 floor!
   334 | D:2      | Reached XP level 3. HP: 20/20 MP: 5/5
   474 | D:2      | 474 ||| UPGRADING to +0 scale mail.
   484 | D:2      | 484 ||| DROPPING +0 leather armour.
   485 | D:2      | 485 ||| READING 2 scrolls labelled ZUMMAA VAUSEM.
   486 | D:2      | 486 ||| READING scroll labelled CANTUD EXORUO.
   587 | D:2      | 587 ||| READING scroll labelled TITIEGGOITE.
   588 | D:2      | 588 ||| READING scroll labelled AWOAR WEX.
   588 | D:2      | 588 ||| IDENTIFYING emerald potion
   589 | D:2      | 589 ||| DROPPING scroll of butterflies.
   590 | D:2      | 590 ||| DROPPING potion of invisibility.
   591 | D:2      | 591 ||| DROPPING scroll of fear.
   901 | D:1      | Reached skill level 7 in Ranged Weapons
  1030 | D:1      | 1030 ||| READING scroll of identify.
  1030 | D:1      | 1030 ||| IDENTIFYING dark potion
  1031 | D:1      | 1031 ||| READING scroll labelled NIUSHI SOGALOL.
  1032 | D:1      | 1032 ||| READING 2 scrolls labelled EMUSUR DOULONE.
  1036 | D:1      | 1036 ||| DRINKING 2 sedimented sapphire potions.
  1037 | D:1      | 1037 ||| DROPPING potion of brilliance.
  1038 | D:1      | 1038 ||| DROPPING potion of attraction.
  1500 | D:3      | 1500 ||| PLANNING SEWER
  1804 | D:3      | Reached XP level 4. HP: 25/25 MP: 6/6
  1920 | D:3      | Reached skill level 8 in Ranged Weapons
  2052 | D:3      | Found a glowing drain.
  2062 | D:3      | 2062 ||| UPGRADING to amulet of guardian spirit.
  2067 | D:3      | 2067 ||| READING scroll of identify.
  2067 | D:3      | 2067 ||| IDENTIFYING yellow potion
  2068 | D:3      | 2068 ||| DRINKING 2 inky potions.
  2069 | D:3      | 2069 ||| DRINKING 2 fuming cyan potions.
  2092 | D:3      | Reached XP level 5. HP: 19/29 MP: 5/7
  2135 | Sewer    | Entered a sewer
  2207 | Sewer    | 2207 ||| DRINKING potion of haste.
  2210 | Sewer    | HP: 7/29 [poisoned by a kobold brigand (curare-tipped
                  | dart)]
  2211 | Sewer    | 2211 ||| READING 2 scrolls of teleportation.
  2211 | Sewer    | HP: 3/29 [poisoned by a kobold brigand]
  2212 | Sewer    | 2212 ||| DRINKING potion of heal wounds.
  2256 | Sewer    | HP: 3/29 [poisoned by a kobold brigand]
  2257 | Sewer    | 2257 ||| READING scroll of teleportation.
  2257 | Sewer    | HP: 1/29 [poisoned by a kobold brigand]
  2258 | Sewer    | Succumbed to a kobold brigand's poison

Levels and vault maps discovered:
D:1:      saegor_arrival_simple_b, layout_loops_ring,
          hellmonk_ecumenical_altar_dog_temple
D:2:      layout_basic
D:3:      layout_loops_corners, gup_sewer_entry_glass, supply_closet_lemuel,
          dreamdust_princess_corridor, item_on_display_a
Sewer:    sewer_kobolds

Skill      XL: |  1  2  3  4 |
---------------+-------------+-----
Ranged Weapons | 6 7 8 |  8.5
Fighting       | |  1.5
Dodging        | |  2.4
Stealth        | |  1.2

Action                     |  1- 3 |  4- 6 || total
---------------------------+-------+-------++-------
   Fire: Shortbow          |   120 |    68 ||   188
    Use: Scroll            |     7 |     3 ||    10
         Potion            |     1 |     4 ||     5
 Armour: Leather armour    |     8 |       ||     8
         Scale mail        |    18 |    30 ||    48
  Dodge: Dodged            |    22 |    21 ||    43

Table legend:
 A = Non-vault XP
 B = Vault XP
 C = Vault XP percentage of total XP
 D = Non-vault monster count
 E = Vault monster count
 F = Vault count percentage of total count
                 A         B        C        D         E       F
            +---------+---------+-------+---------+---------+-------
      Total |     172 |      49 |  22.2 |      41 |      17 |  29.3
            +---------+---------+-------+---------+---------+-------
        D:1 |      52 |       8 |  13.3 |      23 |       4 |  14.8
        D:2 |       9 |       0 |   0.0 |       5 |       0 |   0.0
        D:3 |     111 |      19 |  14.6 |      13 |       4 |  23.5
      Sewer |       0 |      22 | 100.0 |       0 |       9 | 100.0
            +---------+---------+-------+---------+---------+-------
